 Dungeon Crawl Stone Soup version 0.18-a0-1426-g3b9a63c (webtiles) character file.

137 chei the Grasshopper (level 5, -9/46 HPs)
             Began as a Naga Warper on Feb 27, 2016.
             Was a Follower of Trog.
             Killed by divine providence
             ... invoked by an orc priest
              (10 damage)
             ... on level 3 of the Dungeon.
             The game lasted 00:04:34 (2397 turns).

chei the Grasshopper (Naga Warper)                  Turns: 2397, Time: 00:04:34

Health: -9/46      AC:  4    Str: 13    XL:     5   Next: 20%
Magic:  2/2        EV: 10    Int: 14    God:    Trog [*.....]
Gold:   94         SH:  0    Dex: 11    Spells: 1 memorised, 7 levels left

rFire  . . .     SeeInvis +     k - +2 short sword (antimagic)
rCold  . . .     Gourm    .     s - +0 robe
rNeg   . . .     Faith    .     (no shield)
rPois  +         Spirit   .     h - +1 helmet
rElec  .         Dismiss  .     (no cloak)
rCorr  .         Reflect  .     (no gloves)
SustAt .         Harm     .     (no barding)
MR     .....                    (no amulet)
Stlth  +.........               (no ring)
                                (no ring)

@: drained, very slow, not resistant to hostile enchantments, very unstealthy
A: see invisible, deformed body, poison resistance, slowness 2, slow metabolism
1, spit poison 2, AC +1
a: Spit Poison, Berserk, Burn Spellbooks, Renounce Religion


You were on level 3 of the Dungeon.
You worshipped Trog.
Trog was aware of your devotion.
You were not hungry.

You visited 1 branch of the dungeon, and saw 3 of its levels.

You collected 94 gold pieces.

Inventory:

Hand Weapons
 j - a +1 short sword of freezing
 k - a +2 antimagic short sword (weapon)
 p - a +0 long sword
Missiles
 e - 5 tomahawks of dispersal (quivered)
Armour
 b - a +0 leather armour
 h - a +1 helmet (worn)
 s - a +0 robe (worn)
Scrolls
 c - a scroll of teleportation {unknown}
 d - 3 scrolls of blinking
 g - a scroll of magic mapping {unknown}
 n - a scroll of noise
 q - a scroll of fog {unknown}
Potions
 i - a potion of brilliance
Comestibles
 f - 2 bread rations
 l - 2 beef jerkies
 m - 3 fruits
 r - 2 meat rations


   Skills:
 + Level 2.5(2.2) Fighting
 + Level 0.4(1.4) Short Blades
 + Level 2.6(2.4) Long Blades
 - Level 0.8(0.5) Throwing
 + Level 1.6(1.3) Armour
 + Level 2.6(2.3) Dodging
 + Level 0.9(0.6) Stealth
 - Level 2.0(1.7) Spellcasting
 - Level 3.6(3.3) Translocations


You had 7 spell levels left.
You knew the following spells:

 Your Spells              Type           Power        Failure   Level  Hunger
a - Apportation           Tloc           ##........   10%         1    ##.....


Dungeon Overview and Level Annotations

Branches:
Dungeon (3/15)

Altars:
Trog
The Shining One


Innate Abilities, Weirdness & Mutations

You cannot wear boots.
Your serpentine skin is tough (AC +1).
You have supernaturally acute eyesight.
Armour fits poorly on your strangely shaped body.
Your system is resistant to poisons.
You cover ground very slowly.
You have a slow metabolism.
You can spit poison.


Message History

You are too injured to fight recklessly!
Unknown command.
You are too injured to fight recklessly!
You hit the orc wizard.
The orc wizard's magic leaks into the air.
The orc wizard is moderately wounded.
The orc hits you.
* * * LOW HITPOINT WARNING * * *
The orc wizard hits you with a dagger.
* * * LOW HITPOINT WARNING * * *
The orc hits you but does no damage. The goblin hits you but does no damage.
The orc hits you.
* * * LOW HITPOINT WARNING * * *
The orc wizard hits you but does no damage.
You hit the orc wizard.
The orc wizard's magic leaks into the air.
The orc wizard is heavily wounded.
The orc priest mumbles some strange prayers to Beogh against you.
Beogh smites you!
You die...

#### ...# ...#
.>.### ..... #
##...# #.#.g..#
#.o@# ##oo#.#
#.# #
##oS#.#####.(#
..#.oo#.#.......
.....o.........
..........ooo..
...##>..g....S..
#...##......o#
........<..?#


You could see 2 orc priests, 2 orc wizards, an adder, 3 orcs and a goblin.

Vanquished Creatures
  Terence (D:2)
  5 adders
  3 oozes
  A dart slug (D:1)
  A giant gecko (D:1)
  An orc (D:2)
  5 bats
  2 giant cockroaches
  7 goblins
  7 hobgoblins
  8 kobolds
  A quokka (D:2)
  A ball python (D:2)
  2 giant newts
  7 rats
52 creatures vanquished.

Notes
Turn   | Place    | Note
--------------------------------------------------------------
     0 | D:1      | chei the Naga Warper began the quest for the Orb.
     0 | D:1      | Reached XP level 1. HP: 19/19 MP: 3/3
   212 | D:1      | Reached XP level 2. HP: 26/26 MP: 5/5
   896 | D:1      | Reached XP level 3. HP: 27/32 MP: 6/6
  1123 | D:2      | Found a faded altar to an unknown god.
  1227 | D:2      | Became a worshipper of Trog the Wrathful
  1227 | D:2      | Reached * piety under Trog
  1249 | D:2      | Reached skill level 1 in Armour
  1314 | D:2      | Reached XP level 4. HP: 38/40 MP: 7/7
  1337 | D:2      | Found a glowing golden altar of the Shining One.
  1666 | D:2      | Noticed Terence
  1678 | D:2      | Killed Terence
  2003 | D:2      | Reached XP level 5. HP: 24/46 MP: 2/8
  2396 | D:3      | HP: 1/46 [orc (2)]
  2397 | D:3      | Killed from afar by an orc priest

Vault maps used:
D:1:      minmay_arrival_stair_chambers, hangedman_decor_clover_reticule
D:2:      nicolae_tso_carved_into_rock, ecumenical_altar_1, minivault_25,
          serial_bayou_pond_a, corexii_leaking_fountain, uniq_terence
D:3:      nicolae_overflow_crystal_walls, corexii_shack

Skill      XL: |  1  2  3 |
---------------+----------+-----
Dodging        | 2 |  2.6
Armour         | 1 |  1.6
Fighting       | |  2.5
Short Blades   | |  0.4
Long Blades    | |  2.6
Throwing       | |  0.8
Stealth        | |  0.9
Spellcasting   | |  2.0
Translocations | |  3.6

Action                   |  1- 3 |  4- 6 || total
-------------------------+-------+-------++-------
Melee: Falchion          |    55 |       ||    55
       Dagger            |    50 |       ||    50
       Short sword       |       |    62 ||    62
       Long sword        |       |     6 ||     6
Invok: Berserk           |       |     1 ||     1
 Abil: Spit Poison       |     1 |       ||     1
  Use: Scroll            |       |     4 ||     4
       Potion            |       |     1 ||     1
  Eat: Chunk             |       |     4 ||     4
